 Dungeon Crawl Stone Soup version 0.21.0-3-g78d12a8 (webtiles) character file.

105 rgaf the Chucker (level 4, -3/44 HPs)
             Began as an Ogre Hunter on Jan 17, 2018.
             Killed from afar by Natasha (9 damage)
             ... with a magic dart
             ... on level 2 of the Dungeon.
             The game lasted 00:03:02 (2508 turns).

rgaf the Chucker (Ogre Hunter)                      Turns: 2508, Time: 00:03:03

Health: -3/44      AC:  3    Str: 16    XL:     4   Next: 81%
Magic:  4/4        EV: 10    Int: 12    God:
Gold:   31         SH:  0    Dex: 10    Spells: 3/3 levels left

rFire    . . .     SeeInvis .   a - +0 short sword
rCold    . . .     Gourm    .   (no shield)
rNeg     . . .     Faith    .   b - +0 robe
rPois    .         Spirit   .   (helmet restricted)
rElec    .         Reflect  .   (no cloak)
rCorr    .         Harm     .   (gloves unavailable)
MR       .....                  (boots unavailable)
Stlth    +.........             (no amulet)
HPRegen  0.14/turn              (no ring)
MPRegen  0.09/turn              (no ring)

@: no status effects
A: large, unfitting armour, tough skin 1
a: no special abilities


You were on level 2 of the Dungeon.
You were not hungry.

You visited 1 branch of the dungeon, and saw 2 of its levels.

You collected 31 gold pieces.

Inventory:

Hand Weapons
 a - a +0 short sword (weapon)
 g - a +2 dagger of speed
Armour
 b - a +0 robe (worn)
Jewellery
 i - an uncursed amulet of harm {unknown}
 j - an uncursed ring of resist corrosion {unknown}
Scrolls
 e - 3 scrolls of identify {unknown}
 k - a scroll of teleportation {unknown}
 m - 2 scrolls of remove curse {unknown}
Potions
 h - a potion of degeneration {unknown}
 l - a potion of curing {unknown}
Comestibles
 f - 3 rations
 n - 3 chunks of flesh


   Skills:
 - Level 2.6 Fighting
 + Level 5.1 Throwing
 + Level 2.3 Armour
 - Level 1.7 Dodging
 - Level 0.6 Stealth


You had 3 spell levels left.
You didn't know any spells.

Dungeon Overview and Level Annotations

Branches:
Dungeon (2/15)

Altars:
Kikubaaqudgha

Annotations:
D:2 Natasha


Innate Abilities, Weirdness & Mutations

You are too large for most types of armour.
You have tough skin. (AC +1)


Message History

* * * LOW HITPOINT WARNING * * *
Natasha closely misses you.
Throwing (i - inventory):
d - 2 throwing nets (quivered)
Press: ? - help, Shift-Dir - straight line, f/p - Natasha
Aim: Natasha (almost dead)
You throw a throwing net.
The throwing net closely misses Natasha.
Natasha barely misses you.
Throwing (i - inventory):
d - a throwing net (quivered)
Press: ? - help, Shift-Dir - straight line, f/p - Natasha
Aim: Natasha (almost dead)
You throw a throwing net. The throwing net hits Natasha.
Natasha is caught in the net!
Natasha is almost dead.
Natasha struggles against the net.
You hit Natasha but do no damage.
Natasha is almost dead.
Natasha casts a spell at you. The magic dart hits you!
You die...

#. #..# ##.. .##.# #.##
#..#. .....##..# #.##. #
#.....###.##. .##
#..#......##. ##(.
##.....#..##.##...
###...#.....#..#
##.<<.####.h#
######........@##
..>...........<.## ####.
#######...#####..###.....
####.#..# ##.....#
#.....#.# #....##
######.....#.# #.#..##
.............#####.##..#
#.####.............###.#
#...................
#.####


You could see Natasha (caught).

Vanquished Creatures
  Natasha (D:2)
  An adder (D:2)
  5 worms
  2 dart slugs (D:1)
  3 leopard geckos
  A ball python (D:1)
  3 bats (D:1)
  4 giant cockroaches
  3 goblins
  5 hobgoblins
  4 jackals
  3 kobolds (D:1)
  3 frilled lizards
  11 rats
49 creatures vanquished.

Notes
Turn   | Place    | Note
-------+----------+-------------------------------------------
     0 | D:1      | rgaf the Ogre Hunter began the quest for the Orb.
     0 | D:1      | Reached XP level 1. HP: 22/22 MP: 1/1
   128 | D:1      | Reached XP level 2. HP: 29/29 MP: 2/2
   148 | D:1      | Reached skill level 1 in Armour
   475 | D:2      | Reached XP level 3. HP: 8/36 MP: 3/3
  1418 | D:2      | Reached XP level 4. HP: 38/44 MP: 4/4
  1440 | D:2      | Found an ancient bone altar of Kikubaaqudgha.
  2058 | D:2      | Noticed Natasha
  2062 | D:2      | Killed Natasha
  2062 | D:2      | Reached skill level 5 in Throwing
  2498 | D:2      | Noticed Natasha
  2508 | D:2      | Killed from afar by Natasha

Skill      XL: |  1  2  3  4 |
---------------+-------------+-----
Armour         | 1 2 |  2.3
Throwing       | 5 |  5.1
Fighting       | |  2.6
Dodging        | |  1.7
Stealth        | |  0.6

Action                   |  1- 3 |  4- 6 || total
-------------------------+-------+-------++-------
Melee: Short sword       |   175 |    39 ||   214
Throw: Large rock        |     2 |    15 ||    17
       Throwing net      |       |     2 ||     2
  Eat: Chunk             |     2 |     3 ||     5
Armor: Robe              |    67 |     1 ||    68
Dodge: Dodged            |   113 |    21 ||   134
